 Dungeon Crawl Stone Soup version 0.16-a0-890-g98fc465 (webtiles) character file.

148 RobertPalmer the Shooter (level 5, -6/37 HPs)
             Began as an Octopode Wanderer on Sept 29, 2014.
             Killed themself with a badly aimed fireball (15 damage)
             ... on Level 4 of the Dungeon.
             The game lasted 00:07:40 (3011 turns).

RobertPalmer the Shooter (Octopode Wanderer)        Turns: 3011, Time: 00:07:41

HP  -6/37        AC  1     Str 11      XL: 5   Next: 30%
MP  14/14        EV 11     Int 12      God:
Gold 278         SH  0     Dex 15      Spells:  1 memorised,  2 levels left

rFire  . . .     SeeInvis .     a - +3 shortbow
rCold  . . .     Clarity  .     (no shield)
rNeg   + . .     rCorr    .     (helmet restricted)
rPois  .         rRot     .     (no amulet)
rElec  .         Spirit   .     (no ring)
SustAb .         Warding  .     n - ring of positive energy
rMut   .         Stasis   .     q - ring of magical power
Gourm  .                        (no ring)
MR     .....                    (no ring)
                                (no ring)
                                (no ring)
                                (no ring)

@: not resistant to hostile enchantments, unstealthy
A: almost no armour, amphibious, 8 rings, constrict 8, camouflage 1, gelatinous
body 1
a: no special abilities


You were on level 4 of the Dungeon.
You were very hungry.

You visited 1 branch of the dungeon, and saw 4 of its levels.

You collected 278 gold pieces.


Innate Abilities, Weirdness & Mutations

You cannot wear most types of armour.
You are amphibious.
You can wear up to eight rings at the same time.
You can use your tentacles to constrict many enemies at once.
Your skin changes colour to match your surroundings (Stealth).
Your rubbery body absorbs attacks (AC +1).


   Skills:
 - Level 4.0 Fighting
 + Level 1.0 Short Blades
 - Level 6.2 Bows
 - Level 2.0 Throwing


You had 2 spell levels left.
You knew the following spells:

 Your Spells              Type           Power        Failure   Level  Hunger
d - Repel Missiles        Chrm/Air       #.....       52%         2    ###....

Inventory:

Hand weapons
 a - a +3 shortbow (weapon)
 b - a +2 dagger of draining
 s - a +0 hand axe
Missiles
 e - 36 arrows (quivered)
Magical devices
 o - a wand of digging (10)
 u - a wand of random effects (16)
Comestibles
 f - 3 bread rations
Scrolls
 d - a scroll of fog
 g - a scroll of enchant weapon
 p - a scroll of teleportation
 r - 3 scrolls of identify
 t - a scroll of magic mapping {unknown}
 v - 3 scrolls of remove curse
Jewellery
 m - an uncursed ring of teleportation
 n - a ring of positive energy (right tentacle)
 q - a ring of magical power (on tentacle)
Potions
 c - a potion of lignification {!q}
 i - a potion of might {unknown}
 j - a potion of cancellation {unknown}
 k - a potion of magic
 l - a potion of brilliance {unknown}
 w - a potion of confusion {unknown}
 x - a potion of heal wounds {unknown}
 z - a potion of agility {unknown}
Books
 h - a book of Minor Magic

Dungeon Overview and Level Annotations

Branches:
Dungeon (4/15)
 Temple: D:4-7

Altars:
Dithmenos
Makhleb
Nemelex Xobeh
Trog
Xom

Annotations:
D:4 Grinder

.. ((.
.....
#.....
......#
.......
.......{##
.......#@##
# ##...##
...##.....#
#........#
####.....#
##...##
##.## #.#
#<#


There were no monsters in sight!


Message History

Evoke which item? (* to show all) (? for menu, Esc to quit)
Zapping:
u - a glowing brass wand
Aim: Grinder (lightly wounded) Grinder flickers and vanishes!
Deactivating autopickup; reactivate with Ctrl-A.
You feel that this wand is rather unreliable.
u - a wand of random effects {zapped: 1} Something hits you.
Evoke which item? (* to show all) (? for menu, Esc to quit)
Zapping:
o - a silver wand Nothing appears to happen.
o - a wand of digging {zapped: 1} Pain shoots through your body!
Evoke which item? (* to show all) (? for menu, Esc to quit)
Zapping:
u - a wand of random effects {zapped: 1} Nothing appears to happen.
Something tries to affect you, but you resist.
Evoke which item? (* to show all) (? for menu, Esc to quit)
Zapping:
u - a wand of random effects {zapped: 2} Nothing appears to happen.
Something tries to affect you, but you resist.
Evoke which item? (* to show all) (? for menu, Esc to quit)
Zapping:
u - a wand of random effects {zapped: 3} The magic dart hits something.
Something hits you!
* * * LOW HITPOINT WARNING * * *
Evoke which item? (* to show all) (? for menu, Esc to quit)
Zapping:
u - a wand of random effects {zapped: 4} The fireball explodes!
The fireball engulfs something.
The fireball engulfs you!
You die...

Action                   |  1- 3 |  4- 6 || total
-------------------------+-------+-------++-------
Melee: Hand axe          |    10 |     5 ||    15
       Dagger            |       |    14 ||    14
 Fire: Shortbow          |    79 |    76 ||   155
Evoke: Wand              |       |     5 ||     5
  Use: Scroll            |     4 |     1 ||     5
  Eat: Chunk             |       |     5 ||     5

Vault maps used:
D:1:      mrwooster_arrival_arrow, xom_teletrap_fun
D:2:      nicolae_overflow_quartered_altars, moated_statue
D:4:      uniq_blork_the_orc, uniq_menkaure, uniq_grinder

Notes
Turn   | Place    | Note
--------------------------------------------------------------
     0 | D:1      | RobertPalmer, the Octopode Wanderer, began the quest for the Orb.
     0 | D:1      | Reached XP level 1. HP: 17/17 MP: 1/1
   204 | D:1      | Reached XP level 2. HP: 22/22 MP: 2/2
   492 | D:1      | Found a shimmering altar of Xom.
   649 | D:1      | Reached XP level 3. HP: 27/27 MP: 3/3
   877 | D:2      | Reached skill level 5 in Bows
  1227 | D:2      | Reached XP level 4. HP: 13/33 MP: 4/4
  1425 | D:2      | Found a burning altar of Makhleb.
  1431 | D:2      | Found a sparkling altar of Nemelex Xobeh.
  1433 | D:2      | Found a shadowy altar of Dithmenos.
  1459 | D:2      | Found a bloodstained altar of Trog.
  2063 | D:3      | Learned a level 2 spell: Repel Missiles
  2167 | D:3      | Reached skill level 6 in Bows
  2167 | D:3      | Reached XP level 5. HP: 37/37 MP: 5/5
  2593 | D:3      | Reached skill level 1 in Short Blades
  2996 | D:4      | Noticed Grinder
  2999 | D:4      | Paralysed by Grinder for 7 turns
  3011 | D:4      | Killed themself with a badly aimed fireball

Vanquished Creatures
  An orc wizard (D:3)
  2 adders
  2 worms (D:2)
  A giant mite (D:2)
  5 giant geckos
  3 oozes
  4 orcs (D:3)
  7 giant cockroaches
  8 goblins
  9 hobgoblins
  7 jackals
  9 bats
  3 giant newts
  3 kobolds
  10 rats
74 creatures vanquished.
